2993 views
Uploaded 2020-04-17 12:04:22
Game version 1.32.3
9:05 long 2on2 ladder game on (4)LostTemple_LV
Saved by zebroni
2993 views
Uploaded 2020-04-17 12:04:22
Game version 1.32.3
9:05 long 2on2 ladder game on (4)LostTemple_LV
37 units @ 4.8k
/ 0.5k
22 buildings @ 3.8k
/ 1.2k

| Healing Salve | 2 | 200 |
| Scroll of Speed | 1 | 50 |
| Potion of Mana | 1 | 200 |
| total: | 4 | 450g |
| Peon | 8 | 600 | / | 0 |
| Troll Headhunter | 12 | 1680 | / | 240 |
| total: | 20 | 2280g | / | 240w |
| Altar of Storms | 1 | 180 | / | 50 |
| Orc Burrow | 3 | 480 | / | 120 |
| War Mill | 1 | 205 | / | 0 |
| Barracks | 3 | 540 | / | 150 |
| Voodoo Lounge | 1 | 130 | / | 30 |
| Great Hall | 1 | 385 | / | 185 |
| Stronghold | 1 | 315 | / | 190 |
| Fortress | 1 | 325 | / | 190 |
| total: | 10 | 1920g | / | 535w |
| 0:02 | Peon |
| 0:02 | Peon |
| 0:08 | Altar of Storms |
| 0:18 | Orc Burrow |
| 0:20 | Peon |
| 0:32 | Peon |
| 0:48 | Peon |
| 1:08 | Peon |
| 1:25 | War Mill |
| 1:34 | Barracks |
| 1:37 | Barracks |
| 1:42 | Barracks |
| 1:58 | Orc Burrow |
| 2:04 | Voodoo Lounge |
| 2:08 | Shockwave |
| 2:31 | Peon |
| 2:31 | Peon |
| 2:39 | Troll Headhunter |
| 2:49 | Troll Headhunter |
| 3:05 | Troll Headhunter |
| 3:19 | Troll Headhunter |
| 3:29 | Healing Salve |
| 3:33 | Healing Salve |
| 3:38 | Scroll of Speed |
| 4:14 | Stronghold |
| 4:19 | Endurance Aura |
| 4:40 | Troll Headhunter |
| 5:44 | Orc Burrow |
| 5:49 | Great Hall |
| 6:03 | Shockwave |
| 6:15 | Troll Headhunter |
| 6:26 | Steel Armor |
| 6:38 | Fortress |
| 6:40 | Troll Regeneration |
| 7:13 | Troll Headhunter |
| 7:34 | Potion of Mana |
| 7:45 | Troll Headhunter |
| 8:07 | Troll Headhunter |
| 8:21 | Troll Headhunter |
| 8:31 | Endurance Aura |
| 8:58 | Troll Headhunter |
| 9:02 | Berserker Upgrade |
| 9:04 | Troll Headhunter |


| Healing Salve | 2 | 200 |
| Scroll of Speed | 2 | 100 |
| total: | 4 | 300g |
| Peon | 7 | 525 | / | 0 |
| Grunt | 4 | 800 | / | 0 |
| Raider | 3 | 540 | / | 120 |
| Kodo Beast | 1 | 255 | / | 60 |
| Demolisher | 2 | 440 | / | 100 |
| total: | 17 | 2560g | / | 280w |
| Watch Tower | 2 | 220 | / | 160 |
| Altar of Storms | 1 | 180 | / | 50 |
| Orc Burrow | 4 | 640 | / | 160 |
| Barracks | 1 | 180 | / | 50 |
| Voodoo Lounge | 2 | 260 | / | 60 |
| War Mill | 1 | 205 | / | 0 |
| Beastiary | 1 | 145 | / | 140 |
| Stronghold | 2 | 630 | / | 380 |
| total: | 12 | 1830g | / | 620w |
| 0:01 | Peon |
| 0:01 | Peon |
| 0:05 | Altar of Storms |
| 0:18 | Orc Burrow |
| 0:20 | Peon |
| 0:32 | Barracks |
| 0:42 | Peon |
| 0:52 | Peon |
| 1:08 | Peon |
| 1:20 | Peon |
| 1:32 | Grunt |
| 2:03 | Stronghold |
| 2:05 | Wind Walk |
| 2:25 | Orc Burrow |
| 3:17 | Grunt |
| 3:36 | Voodoo Lounge |
| 3:41 | Critical Strike |
| 3:51 | Grunt |
| 4:12 | Orc Burrow |
| 4:24 | Beastiary |
| 4:25 | Berserker Strength |
| 5:07 | Healing Salve |
| 5:07 | Healing Salve |
| 5:07 | Scroll of Speed |
| 5:12 | Scroll of Speed |
| 5:18 | Grunt |
| 5:51 | Raider |
| 5:55 | Orc Burrow |
| 6:00 | Wind Walk |
| 6:02 | War Mill |
| 6:04 | War Stomp |
| 6:22 | Ensnare |
| 6:26 | Voodoo Lounge |
| 6:34 | Pillage |
| 7:40 | Kodo Beast |
| 7:41 | Demolisher |
| 7:52 | Watch Tower |
| 8:06 | Endurance Aura |
| 8:20 | Demolisher |
| 8:21 | Raider |
| 8:54 | Watch Tower |
| 8:58 | Raider |
/ 0.5k
22 buildings @ 3.8k
/ 1.6k

| Wisp | 12 | 720 | / | 0 |
| Huntress | 6 | 1170 | / | 120 |
| Dryad | 1 | 145 | / | 60 |
| total: | 19 | 2035g | / | 180w |
| Altar of Elders | 1 | 180 | / | 50 |
| Moon Well | 5 | 900 | / | 200 |
| Hunter's Hall | 1 | 210 | / | 100 |
| Ancient of War | 2 | 300 | / | 120 |
| Ancient of Wonders | 1 | 90 | / | 30 |
| Ancient of Lore | 2 | 310 | / | 290 |
| Tree of Ages | 1 | 320 | / | 180 |
| total: | 12 | 1990g | / | 790w |
| 0:03 | Wisp |
| 0:03 | Wisp |
| 0:03 | Wisp |
| 0:05 | Altar of Elders |
| 0:18 | Moon Well |
| 0:32 | Wisp |
| 1:00 | Wisp |
| 1:02 | Wisp |
| 1:30 | Wisp |
| 1:30 | Wisp |
| 1:35 | Hunter's Hall |
| 1:45 | Ancient of War |
| 1:53 | Wisp |
| 2:03 | Wisp |
| 2:08 | Force of Nature |
| 2:35 | Ancient of War |
| 2:37 | Moon Well |
| 2:39 | Wisp |
| 2:42 | Wisp |
| 2:45 | Moon Well |
| 2:50 | Moon Well |
| 3:21 | Tree of Ages |
| 3:29 | Huntress |
| 3:49 | Moon Well |
| 4:07 | Huntress |
| 4:21 | Huntress |
| 5:02 | Entangling Roots |
| 5:35 | Huntress |
| 5:36 | Huntress |
| 6:02 | Ancient of Wonders |
| 6:09 | Ancient of Lore |
| 6:17 | Ancient of Lore |
| 7:39 | Dryad |
| 8:09 | Huntress |


| Wisp | 12 | 720 | / | 0 |
| Huntress | 5 | 975 | / | 100 |
| Archer | 1 | 130 | / | 10 |
| Dryad | 4 | 580 | / | 240 |
| total: | 22 | 2405g | / | 350w |
| Altar of Elders | 1 | 180 | / | 50 |
| Moon Well | 3 | 540 | / | 120 |
| Ancient of War | 1 | 150 | / | 60 |
| Hunter's Hall | 1 | 210 | / | 100 |
| Ancient of Wonders | 1 | 90 | / | 30 |
| Tree of Life | 1 | 340 | / | 185 |
| Ancient of Lore | 2 | 310 | / | 290 |
| Tree of Ages | 1 | 320 | / | 180 |
| total: | 10 | 1820g | / | 835w |
| 0:03 | Wisp |
| 0:03 | Wisp |
| 0:11 | Altar of Elders |
| 0:20 | Moon Well |
| 0:24 | Wisp |
| 0:24 | Wisp |
| 0:50 | Wisp |
| 0:50 | Wisp |
| 1:06 | Wisp |
| 1:07 | Wisp |
| 1:16 | Wisp |
| 1:49 | Ancient of War |
| 1:54 | Hunter's Hall |
| 1:57 | Wisp |
| 2:03 | Moon Well |
| 2:17 | Wisp |
| 2:21 | Mana Burn |
| 2:55 | Tree of Ages |
| 2:57 | Huntress |
| 3:10 | Ultravision |
| 3:17 | Huntress |
| 3:37 | Moon Well |
| 3:58 | Huntress |
| 4:20 | Huntress |
| 4:30 | Archer |
| 5:05 | Ancient of Wonders |
| 5:33 | Huntress |
| 5:45 | Ancient of Lore |
| 5:46 | Ancient of Lore |
| 6:00 | Wisp |
| 6:27 | Tree of Life |
| 6:46 | Trueshot Aura |
| 7:02 | Dryad |
| 7:25 | Dryad |
| 7:54 | Abolish Magic |
| 8:00 | Evasion |
| 8:40 | Dryad |
| 8:40 | Dryad |
⇛